 Dungeon Crawl Stone Soup version 0.28.0-53-g5a82cb258f (webtiles) character file.

Game seed: 4428800193105364210

10237 Descartes the Cruncher (level 11, 0/78 HPs)
             Began as a Formicid Warper on May 29, 2022.
             Was an Initiate of Gozag.
             Slain by a boulder beetle (44 damage)
             ... on level 11 of the Dungeon.
             The game lasted 00:26:35 (10404 turns).

Descartes the Cruncher (Formicid Warper)           Turns: 10404, Time: 00:26:36

Health: 0/78       AC: 17    Str: 20    XL:     11   Next: 89%
Magic:  18/18      EV: 15    Int: 12    God:    Gozag
Gold:   1801       SH:  0    Dex: 10    Spells: 12/20 levels left

rFire   + + +      SeeInvis +   s - +10 quarterstaff of the Shoals {vorpal, rN+}
rCold   + . .      Faith    .   (no shield)
rNeg    + . .      Spirit   .   a - +3 ring mail "Poots" {*Corrode rF+++ Str+2 Int-3}
rPois   .          Reflect  .   (helmet unavailable)
rElec   .          Harm     .   (no cloak)
rCorr   +          Rampage  .   O - +0 pair of gloves of Vihisk {rC+ rCorr}
Will    +....                   Q - +1 pair of boots {Fly}
Stlth   ..........              m - amulet of regeneration
HPRegen 1.03/turn               q - +4 ring of evasion
MPRegen 0.16/turn               v - +4 ring of protection

@: flying, studying 2 skills
A: permanent stasis, dig shafts and tunnels, antennae 3, four strong arms
a: Dig, Shaft Self, Renounce Religion, Potion Petition, Call Merchant, Bribe
Branch


You were on level 11 of the Dungeon.
You worshipped Gozag.
Gozag was most pleased with you.
You visited 2 branches of the dungeon, and saw 12 of its levels.
You also visited: Bailey.

You collected 2677 gold pieces.
You paid 876 gold pieces to Gozag.

Inventory:

Hand Weapons
 n - a +2 vorpal dire flail
 s - the +10 quarterstaff of the Shoals (weapon) {vorpal, rN+}
   (You found it on level 5 of the Dungeon)

   It inflicts extra damage upon your enemies.
   rN:        It protects you from negative energy.
 L - the +2 rapier of Discomfort {drain, rPois rCorr Dex-5}
   (You found it on level 6 of the Dungeon)

   A truly terrible weapon, it drains the life of any living foe it strikes.
   Dex:       It affects your dexterity (-5).
   rPois:     It protects you from poison.
   rCorr:     It protects you from acid and corrosion.
 R - a +3 war axe
Missiles
 c - 5 boomerangs of dispersal (quivered)
 f - a curare-tipped dart
 k - 17 boomerangs
 o - 267 stones
 y - 3 throwing nets
 I - 32 poisoned darts
Armour
 a - the +3 ring mail "Poots" (worn) {*Corrode rF+++ Str+2 Int-3}
   (You found it on level 5 of the Dungeon)

   Str:       It affects your strength (+2).
   Int:       It affects your intelligence (-3).
   rF:        It renders you almost immune to fire.
   *Corrode:  It may corrode you when you take damage.
 A - the +3 chain mail of Snakes and Ladders {rElec Will+ Dex+6}
   (You took it off a kobold in a bailey)

   Dex:       It affects your dexterity (+6).
   rElec:     It insulates you from electricity.
   Will:      It increases your willpower.
 B - the +1 cloak of the Tomato {rC++ rN+ Dex+8 Slay-6}
   (You found it on level 7 of the Dungeon)

   Dex:       It affects your dexterity (+8).
   Slay:      It affects your accuracy & damage with ranged weapons and melee
   (-6).
   rC:        It greatly protects you from cold.
   rN:        It protects you from negative energy.
 E - a +2 leather armour of cold resistance
 O - the +0 pair of gloves of Vihisk (worn) {rC+ rCorr}
   (You found it on level 7 of the Dungeon)

   rC:        It protects you from cold.
   rCorr:     It protects you from acid and corrosion.
 Q - a +1 pair of boots of flying (worn)
Jewellery
 m - an amulet of regeneration (around neck)
 q - a +4 ring of evasion (left hand)
 v - a +4 ring of protection (right hand)
 w - a ring of positive energy
 J - a +4 ring of evasion
 K - a +4 ring of protection
Wands
 j - a wand of paralysis (5)
 D - a wand of acid (14)
 M - a wand of iceblast (11)
Scrolls
 b - 2 scrolls of amnesia
 d - 2 scrolls of acquirement {unknown}
 p - 3 scrolls of immolation
 u - 3 scrolls of fog
 C - a scroll of fear {unknown}
 F - a scroll of enchant armour {unknown}
 H - a scroll of silence {unknown}
 P - a scroll of brand weapon {unknown}
Potions
 e - a potion of attraction {unknown}
 g - a potion of degeneration {unknown}
 h - a potion of mutation {unknown}
 i - a potion of ambrosia {unknown}
 l - 2 potions of curing {unknown}
 r - a potion of magic {unknown}
 x - 4 potions of lignification
 G - 7 potions of heal wounds {unknown}
 N - a potion of berserk rage {unknown}
Miscellaneous
 t - a condenser vane
 z - a box of beasts


   Skills:
 + Level 4.4 Fighting
 + Level 8.4(10.2) Maces & Flails
 + Level 9.0(10.5) Staves
 + Level 6.7 Throwing
 + Level 8.9 Armour
 - Level 3.0 Dodging
 - Level 5.0 Spellcasting
 + Level 8.0 Translocations


You had 12 spell levels left.
You knew the following spells:

 Your Spells              Type           Power      Damage    Failure   Level
a - Manifold Assault      Tloc           22%        N/A       30%         5
b - Teleport Other        Tloc           22%        N/A       3%          3

Your spell library contained the following spells:

 Spells                   Type           Power      Damage    Failure   Level
 Gell's Gravitas          Tloc           22%        N/A       3%          3
 Lesser Beckoning         Tloc           22%        N/A       3%          3
 Sublimation of Blood     Necr           3%         N/A       41%         2
 Wereblood                Tmut           3%         N/A       41%         2
 Animate Dead             Necr           1%         N/A       96%         4
 Summon Ice Beast         Ice/Summ       3%         N/A       96%         4
 Freezing Cloud           Conj/Ice/Air   1%         6-21      100%        5
 Summon Mana Viper        Hex/Summ       3%         N/A       100%        5
 Starburst                Conj/Fire      1%         6d3       100%        6
 Haunt                    Necr/Summ      1%         N/A       100%        7
 Monstrous Menagerie      Summ           1%         N/A       100%        7
 Storm Form               Tmut/Air       1%         N/A       100%        7
 Summon Hydra             Summ           1%         N/A       100%        7
 Infestation              Necr           1%         N/A       100%        8
 Lehudib's Crystal Spear  Conj/Erth      1%         10d2      100%        8
 Blink                    Tloc           Unusable   N/A       N/A         2

Dungeon Overview and Level Annotations

Branches:
Dungeon (11/15)            Temple (1/1) D:7            Lair (0/6) D:10
    Orc (0/2) D:10         Bailey (visited)

Altars:
Ashenzari
Cheibriados
Dithmenos
Elyvilon
Fedhas
Gozag
Hepliaklqana
Kikubaaqudgha
Makhleb
Nemelex Xobeh
Okawaru
Qazlal
Ru
Sif Muna
Trog
Uskayaw
Vehumet
Wu Jian
Xom
Yredelemnul
Zin
The Shining One

Shops:
D:8 (

Annotations:
D:2 1 runed translucent door, Crazy Yiuf


Innate Abilities, Weirdness & Mutations

You cannot be hasted, slowed, berserked, paralysed or teleported.
You can dig through walls and to a lower floor.
You have a pair of large antennae on your head. (SInv)
Your four strong arms can wield two-handed weapons with a shield.


Message History

The boulder beetle barely misses you.
You hit the boulder beetle but do no damage.
The boulder beetle is severely wounded.
The boulder beetle bites you but does no damage.
You hit the boulder beetle but do no damage.
The boulder beetle is severely wounded.
The boulder beetle bites you!!
You hit the boulder beetle but do no damage.
The boulder beetle is severely wounded.
The boulder beetle closely misses you.
You sock the boulder beetle! Your punch misses the boulder beetle.
The boulder beetle is severely wounded.
You hit the boulder beetle.
The boulder beetle is almost dead.
The boulder beetle leaps!
Aiming: Iceblast
Press: ? - help, Shift-Dir - straight line, f - boulder beetle
Aim: a boulder beetle (almost dead)
The mass of ice explodes!
The iceblast engulfs the boulder beetle but does no damage.
The boulder beetle is almost dead.
Aiming: Iceblast
Press: ? - help, Shift-Dir - straight line, p - boulder beetle The mass of ice explodes!
The iceblast engulfs the boulder beetle but does no damage.
The boulder beetle is almost dead.
The boulder beetle curls into a ball and begins rolling!
Aiming: Paralyse
Press: ? - help, Shift-Dir - straight line, f - boulder beetle
Aim: a boulder beetle (severely wounded, rolling, chance to affect: 31%)
Okay, then.
Aiming: Corrosive Bolt
Press: ? - help, Shift-Dir - straight line, f - boulder beetle
Aim: a boulder beetle (severely wounded, rolling, 100% to hit)
The bolt of acid hits the boulder beetle!
The boulder beetle is almost dead.
The boulder beetle hits you!!!
Ouch! That really hurt!
You die...
Your body crumbles into a pile of gold.

#...... #.....##
#......# ##....?.##
## #.....°..##...
##.....°....#
#.....○...#
#....B....#
#....@....##
#..####....## #...
#.....# #####..#
#...#.... #.##
#..##...#.##.
###..####......#.#
#.......##.......#
######............#
##.............. #.


You could see a boulder beetle (rolling).

Vanquished Creatures
  5 two-headed ogres
  A manticore (D:11)
  A centaur zombie (D:10)
  A gargoyle (D:8)
  A troll (D:7)
  2 shadows
  A wraith (D:10)
  A vampire (D:10)
  9 yaks
  Edmund (D:5)
  3 water moccasins (D:10)
  4 sky beasts
  7 orc warriors
  An ice beast (D:7)
  4 black bears
  4 centaurs
  3 phantoms
  A gnoll sergeant (D:10)
  4 bullfrogs
  4 kobold brigands
  A scorpion (D:10)
  A water moccasin skeleton (D:4)
  2 howler monkeys (D:9)
  A bullfrog zombie (D:6)
  3 jellies
  6 orc priests
  9 orc wizards
  2 iguanas (D:6)
  A scorpion zombie (D:3)
  A killer bee zombie (D:6)
  6 ogre zombies (D:10)
  3 howler monkey zombies
  11 gnolls
  9 adders
  An ufetubus (D:5)
  A dart slug (D:4)
  A worm (D:3)
  24 orcs
  2 endoplasms
  A giant cockroach (D:1)
  6 goblins
  11 hobgoblins
  31 kobolds
  2 quokkas (D:3)
  3 training dummies (D:8)
  4 ball pythons
  8 bats
  3 frilled lizards
  A goblin skeleton (D:10)
  2 goblin zombies (D:10)
  2 hobgoblin skeletons (D:10)
  5 orc skeletons (D:10)
  9 orc zombies (D:10)
  3 rats
234 creatures vanquished.

Vanquished Creatures (others)
  A kobold (D:9)
  13 fungi (D:10)
  12 plants (D:10)
26 creatures vanquished.

Grand Total: 260 creatures vanquished

Notes
Turn   | Place    | Note
-------+----------+-------------------------------------------
     0 | D:1      | Descartes the Formicid Warper began the quest for the Orb.
     0 | D:1      | Reached XP level 1. HP: 16/16 MP: 3/3
   332 | D:1      | Reached XP level 2. HP: 21/23 MP: 5/5
  1427 | D:2      | Reached XP level 3. HP: 20/28 MP: 6/6
  1525 | D:2      | Identified the +1 robe "Lejiol" {rF+ Int+3}
  1890 | D:2      | Found a faded altar of an unknown god.
  1927 | D:2      | Reached XP level 4. HP: 15/34 MP: 7/7
  2235 | D:2      | Found a runed translucent door.
  2236 | D:2      | Noticed Crazy Yiuf
  2417 | D:3      | Reached XP level 5. HP: 18/41 MP: 9/9
  3065 | D:3      | Reached XP level 6. HP: 47/47 MP: 10/10
  3741 | D:4      | Found a bloodstained altar of Trog.
  3917 | D:4      | Reached XP level 7. HP: 44/52 MP: 10/12
  4243 | D:4      | Learned a level 5 spell: Manifold Assault
  4247 | D:4      | Learned a level 3 spell: Teleport Other
  4262 | D:5      | Entered Level 5 of the Dungeon
  4265 | D:5      | Noticed Edmund
  4279 | D:5      | Killed Edmund
  4298 | D:5      | Identified the +3 ring mail "Poots" {*Corrode rF+++ Str+2
                  | Int-3}
  4325 | D:5      | Identified the +10 quarterstaff of the Shoals {vorpal, rN+}
  4792 | D:5      | Found an iron altar of Okawaru.
  4971 | D:5      | Reached skill level 1 in Staves
  4986 | D:6      | Got Lehudib's Tome of Combat Magic
  4992 | D:6      | Identified the +2 rapier of Discomfort {drain, rPois rCorr
                  | Dex-5}
  5012 | D:6      | Reached XP level 8. HP: 60/60 MP: 13/13
  5406 | D:6      | Reached skill level 2 in Staves
  5915 | D:7      | Reached skill level 3 in Staves
  5915 | D:7      | Reached XP level 9. HP: 62/65 MP: 14/16
  6022 | D:7      | Identified the +1 cloak of the Tomato {rC++ rN+ Dex+8
                  | Slay-6}
  6164 | D:7      | Found a staircase to the Ecumenical Temple.
  6175 | Temple   | Entered the Ecumenical Temple
  6545 | Temple   | Became a worshipper of Gozag Ym Sagoz the Greedy
  6581 | D:7      | Reached skill level 5 in Spellcasting
  6581 | D:7      | Reached skill level 5 in Translocations
  6584 | D:7      | Reached skill level 5 in Maces & Flails
  6584 | D:7      | Reached skill level 5 in Armour
  6616 | D:7      | Identified the +0 pair of gloves of Vihisk {rC+ rCorr}
  6629 | D:7      | Noticed a troll
  6641 | D:7      | Killed a troll
  6724 | D:7      | Reached skill level 4 in Staves
  7332 | D:8      | Found Zocvic's Firing Range.
  7394 | D:8      | Noticed a gargoyle
  7411 | D:8      | Killed a gargoyle
  8181 | D:9      | Reached XP level 10. HP: 71/71 MP: 17/17
  8251 | D:9      | Reached skill level 5 in Staves
  8278 | D:9      | Found a flagged portal.
  8319 | Bailey   | Entered a bailey
  8382 | Bailey   | Identified the +3 chain mail of Snakes and Ladders {rElec
                  | Will+ Dex+6}
  8828 | D:9      | Reached skill level 6 in Staves
  9208 | D:10     | Entered Level 10 of the Dungeon
  9208 | D:10     | Noticed a two-headed ogre
  9221 | D:10     | Killed a two-headed ogre
  9291 | D:10     | Reached XP level 11. HP: 76/76 MP: 18/18
  9330 | D:10     | Reached skill level 7 in Staves
  9330 | D:10     | Reached skill level 5 in Throwing
  9364 | D:10     | Noticed a two-headed ogre
  9391 | D:10     | Killed a two-headed ogre
  9399 | D:10     | Reached skill level 8 in Staves
  9424 | D:10     | Found a staircase to the Lair.
  9532 | D:10     | Noticed a two-headed ogre
  9539 | D:10     | Killed a two-headed ogre
  9677 | D:10     | Found a staircase to the Orcish Mines.
  9865 | D:10     | Noticed a two-headed ogre
  9874 | D:10     | Killed a two-headed ogre
 10135 | D:11     | Noticed a manticore
 10146 | D:11     | Killed a manticore
 10148 | D:11     | Noticed a two-headed ogre
 10154 | D:11     | Killed a two-headed ogre
 10155 | D:11     | Reached skill level 9 in Staves
 10372 | D:11     | Noticed a boulder beetle
 10404 | D:11     | Slain by a boulder beetle

Illustrated notes

Levels and vault maps discovered:
D:1:      ncdulo_smallfort, layout_basic
D:2:      layout_basic, hellmonk_ecumenical_altar_arch_garden, serial_curves,
          eino_curves_04, eino_curves_01, eino_curves_04,
          uniq_crazy_yiuf_cottage
D:3:      layout_rooms, minmay_three_crescents
D:4:      layout_cave_pods, serial_column_ruins, column_ruins_square_medium,
          column_ruins_open_medium, column_ruins_grid_4,
          column_ruins_columns_corner, column_ruins_open_small,
          column_ruins_open_tiny, kennysheep_small_circle
D:5:      layout_basic, okawaru_gym_becter, chequers_decorated_corner,
          uniq_edmund
D:6:      layout_gridville
D:7:      layout_loops_corners, minmay_temple_entry_drinking_statues,
          dk_noncrumbling_3
D:8:      layout_basic, serial_co_window_serial, co_window_paths_a,
          co_window_paths_b, co_window_corner_a, co_window_of_opportunity_a,
          co_window_paths_a, co_window_of_opportunity_b, co_window_paths_c,
          co_window_broadway_c, co_window_2corner, co_window_4corner_a,
          glass_columns_b, nicolae_shop_firing_range
D:9:      layout_rooms, enter_bailey_6
D:10:     layout_roguey, due_lair_maze_entry_diamond, zombieorc1_lemuel
D:11:     minmay_the_grid_four_pointed_star_mashed
          [minmay_the_grid_triangle_9x9_zippers_vertical,
          minmay_the_grid_triangle_9x9_corruption,
          minmay_the_grid_triangle_9x9_fully_insulated_deathbox,
          minmay_the_grid_triangle_9x9_skeleton,
          minmay_the_grid_prize_four_corners], layout_layer_cave, serial_shops,
          shop_statue
Temple:   mainiacjoe_temple_trianglar_array

Skill      XL: |  1  2  3  4  5  6  7  8  9 10 11 |
---------------+----------------------------------+-----
Dodging        | 2 3 |  3.0
Translocations | 3 4 5 7 8 |  8.0
Fighting       | 3 4 |  4.4
Armour         | 2 3 4 6 7 8 |  8.9
Throwing       | 2 3 4 6 |  6.7
Spellcasting   | 3 4 5 |  5.0
Maces & Flails | 3 4 6 7 8 |  8.4
Staves         | 1 3 4 6 9 |  9.0

Action                   |  1- 3 |  4- 6 |  7- 9 | 10-12 || total
-------------------------+-------+-------+-------+-------++-------
Melee: Mace              |   108 |   236 |     9 |       ||   353
       Punch             |     1 |       |     2 |     3 ||     6
       Quarterstaff      |       |       |   156 |   329 ||   485
       Dire flail        |       |       |     4 |       ||     4
Invok: Potion Petition   |       |       |       |     2 ||     2
Evoke: Wand              |       |       |     3 |     3 ||     6
  Use: Scroll            |       |       |     8 |       ||     8
 Stab: Distracted        |       |       |     1 |     1 ||     2
       Invisible         |       |       |       |     4 ||     4
Armor: Leather armour    |    22 |       |       |       ||    22
       Robe              |    15 |    67 |       |       ||    82
       Ring mail         |       |       |    57 |    94 ||   151
Dodge: Dodged            |    80 |   222 |   144 |   215 ||   661
